 Dungeon Crawl Stone Soup version 0.31-a0-986-g5e6e4ef867 (webtiles) character file.

Game seed: 5579061641906164448

44 pokeman the Magician (level 3, -2/20 HPs)
             Began as a Deep Elf Hedge Wizard on Nov 8, 2023.
             Slain by an orc
             ... wielding a +0 falchion
              (5 damage)
             ... on level 3 of the Dungeon.
             The game lasted 00:03:05 (2093 turns).

pokeman the Magician (Deep Elf Hedge Wizard)        Turns: 2093, Time: 00:03:05

Health: -2/20      AC:  3    Str:  7    XL:     3   Next: 39%
Magic:  1/11       EV: 12    Int: 20    God:
Gold:   93         SH:  0    Dex: 14    Spells: 4/12 levels left

rFire   . . .        g - +0 war axe
rCold   . . .        (no shield)
rNeg    . . .        b - +0 robe
rPois   .            c - +0 hat
rElec   .            (no cloak)
rCorr   .            l - +0 pair of gloves
SInv    .            (no boots)
Will    .....        (no amulet)
Stlth   ++           h - ring of wizardry
HPRegen 0.23/turn    (no ring)
MPRegen 0.12/turn

%: wizardry (x1)
@: very slightly contaminated
A: no striking features
a: no special abilities


You were on level 3 of the Dungeon.
You visited 1 branch of the dungeon, and saw 3 of its levels.

You collected 93 gold pieces.

Inventory:

Hand Weapons
 g - a +0 war axe (weapon)
Armour
 b - a +0 robe (worn)
 c - a +0 hat (worn)
 l - a +0 pair of gloves (worn)
Jewellery
 h - a ring of wizardry (left hand)
Scrolls
 a - a scroll of fear {unknown}
 f - 2 scrolls of identify {unknown}
 k - a scroll of teleportation {unknown}
 m - a scroll of blinking {unknown}
 p - a scroll of vulnerability {unknown}
Potions
 d - a potion of magic
 e - 2 potions of heal wounds {unknown}
 i - 2 potions of curing {unknown}
 j - a potion of ambrosia {unknown}
 n - a potion of mutation {unknown}
 o - a potion of brilliance {unknown}
 q - a potion of might {unknown}


   Skills:
 + Level 0.9 Fighting
 + Level 0.9 Armour
 - Level 2.4 Dodging
 - Level 2.4 Stealth
 * Level 5.2 Spellcasting
 + Level 1.8 Conjurations
 - Level 1.1 Summonings
 - Level 1.1 Translocations


You had 4 spell levels left.
You knew the following spells:

 Your Spells              Type           Power      Damage    Failure   Level
a - Magic Dart            Conj           48%        1d5       2%          1
b - Mephitic Cloud        Conj/Pois/Air  7%         N/A       11%         3
c - Call Imp              Summ           18%        N/A       4%          2
d - Blink                 Tloc           18%        N/A       4%          2

Your spell library contained the following spells:

 Spells                   Type           Power      Damage    Failure   Level
 Slow                     Hex            20%        N/A       4%          1
 Cigotuvi's Dreadful Rot  Necr/Pois/Air  10%        N/A       7%          2
 Dazzling Flash           Conj/Hex       18%        N/A       9%          3
 Agony                    Necr           5%         N/A       75%         5
 Silence                  Hex/Air        2%         N/A       75%         5


Dungeon Overview and Level Annotations

Branches:
Dungeon (3/15)

Altars:

Shops:
D:3 ==


Message History

Unknown command.
You barely miss the orc.
The orc is heavily wounded.
The orc priest is engulfed in noxious fumes.
The orc priest appears confused.
A rat comes into view.
The orc hits you with a +0 club.
* * * LOW HITPOINT WARNING * * *
You slash the orc priest!
The orc priest is heavily wounded.
You barely miss the orc. You slash the orc!
You kill the orc!
An orc comes into view. It is wielding a +0 falchion.
The orc priest barely misses you.
Unknown command.
You catch the helpless orc priest completely off-guard!
You hit the orc priest but do no damage.
The orc priest is heavily wounded.
The orc priest hits you with a +0 whip.
* * * LOW HITPOINT WARNING * * *
You completely miss the orc priest.
The orc priest is heavily wounded.
You barely miss the rat. The rat bites you but does no damage.
Casting: Mephitic Cloud (extremely dangerous; 11% risk of failure)
Confirm with . or Enter, or press ? or * to list all spells.
Aiming: Mephitic Cloud (extremely dangerous; 11% risk of failure)
Press: ? - help, Shift-Dir - straight line, f - orc, p - orc priest
Aim: an orc, wielding a +0 falchion (chance to affect: 96%)
You miscast Mephitic Cloud.
You are very lightly contaminated with residual magic.
Nothing appears to happen.
The orc priest misses you. The rat closely misses you.
An orc comes into view.
It is wielding a +2 short sword of distortion.
Unknown command.
You hit the orc priest but do no damage.
The orc priest is heavily wounded.
You hit the rat but do no damage. You closely miss the orc.
The rat bites you but does no damage. The orc hits you with a +0 falchion.
You die...

##.....#.####'##
........#.#.....#
..#######.#∩....#
. ....#.....#
##......#
#......# #......#
#..r.o.#
#.####..o@..#
#...........#
.....##.#####
.....##+## ...
#≈.≈# #≈≈.≈≈#
+..∩..+ #≈≈.≈≈#
..≈.≈##


You could see an orc priest (confused), an orc and a rat.

Vanquished Creatures
  3 dart slugs (D:1)
  An orc (D:3)
  2 ball pythons (D:1)
  2 endoplasms (D:1)
  A giant cockroach (D:1)
  3 goblins (D:1)
  6 hobgoblins
  2 jackals (D:2)
  3 quokkas
  3 bats (D:1)
  2 frilled lizards (D:2)
  3 kobolds
  2 rats
33 creatures vanquished.

Notes
Turn   | Place    | Note
-------+----------+-------------------------------------------
     0 | D:1      | pokeman the Deep Elf Hedge Wizard began the quest for the
                  | Orb.
     0 | D:1      | Reached XP level 1. HP: 10/10 MP: 7/7
   270 | D:1      | Reached XP level 2. HP: 14/15 MP: 0/9
   571 | D:1      | Reached skill level 5 in Spellcasting
   792 | D:1      | Reached XP level 3. HP: 20/20 MP: 8/11
   796 | D:1      | Learned a level 3 spell: Mephitic Cloud
   799 | D:1      | Learned a level 2 spell: Call Imp
   802 | D:1      | Learned a level 2 spell: Blink
  2054 | D:3      | Found Zumaapt's Jewellery Emporium.
  2069 | D:3      | Found Xanatoina's Jewellery Emporium.
  2093 | D:3      | Slain by an orc

Illustrated notes

Levels and vault maps discovered:
D:1:      lemuel_arrival_tunnels, layout_basic, minmay_misc_feat_doors,
          corexii_leaking_fountain
D:2:      layout_loops_ring
D:3:      layout_basic, tso_metal_star, serial_shops, shop,
          nicolae_shop_hallway_plus

Skill      XL: |  1  2 |
---------------+-------+-----
Spellcasting   | 5 |  5.2
Fighting       | |  0.9
Armour         | |  0.9
Dodging        | |  2.4
Stealth        | |  2.4
Conjurations   | |  1.8
Summonings     | |  1.1
Translocations | |  1.1

Action                     || total
---------------------------++-------
  Melee: Dagger            ||    24
         War axe           ||     6
   Cast: Magic Dart        ||    83
         Mephitic Cloud    ||     2
   Stab: Confused          ||     1
 Armour: Robe              ||    29
  Dodge: Dodged            ||    25

Table legend: (Time is in decaauts)
 A = Elapsed time spent in this place.
 B = Non-inter-level travel time spent in this place.
 C = Inter-level travel time spent in this place.
 D = Time resting spent in this place.
 E = Time spent auto-exploring this place.
 F = Levels seen in this place.
 G = Mean time per level.
                   A        B        C        D        E       F      G
               +--------+--------+--------+--------+--------+-----+--------+
         Total |   2093 |   2027 |     66 |      6 |   1777 |   3 |  697.7 |
       Dungeon |   2093 |   2027 |     66 |      6 |   1777 |   3 |  697.7 |
               +--------+--------+--------+--------+--------+-----+--------+

Top non-repeatable levels by time:
     D:1: 1194 daAuts
     D:2: 845 daAuts
     D:3: 54 daAuts
